[Event "*** SCC Grand Prix: Titled Tuesday Blitz"]
[Site "Chess.com"]
[Date "2020.10.06"]
[Round "7"]
[White "maxip32"]
[Black "Gabix_94"]
[Result "0-1"]
[WhiteElo "2402"]
[BlackElo "2793"]
[TimeControl "180+1"]
[EndTime "11:17:35 PDT"]
[Termination "Gabix_94 won by resignation"]

1. e4 g6 2. d4 Bg7 3. Nc3 a6 4.
h4 h6 5. Be3 b5 6. Bd3 Bb7 7.
f3 d6 8. Nh3 Nd7 9. Nf2 c5 10.
Be2 Ngf6 11. Rb1 b4 12. Na4 Bc6 13. b3 cxd4 14. Bxd4 O-O 15. Nb2 e5 16. Be3 d5 17.
Bd3 Qe7 18. Qc1 h5 19. O-O dxe4 20. fxe4 Nc5 21. Bg5 Ne6 22. Nc4 Qc7 23. Qe3 Nxg5 24. hxg5 Nd7 25. Qe1 a5 26. c3 Nc5 27. Bc2 Ne6 28.
cxb4 axb4 29. Qxb4 Rxa2 30. Qd2 Nd4 31. Rfc1 Rd8 32.
Qc3 Ne2+ 0-1

[Event "*** SCC Grand Prix: Titled Tuesday Blitz"]
[Site "Chess.com"]
[Date "2020.10.06"]
[Round "7"]
[White "Denis_Makhnyov"]
[Black "AniJak"]
[Result "1-0"]
[WhiteElo "2869"]
[BlackElo "2370"]
[TimeControl "180+1"]
[EndTime "11:17:35 PDT"]
[Termination "Denis_Makhnyov won by resignation"]

1. e4 c6 2. d4 d5 3. exd5 cxd5 4. Bd3 Nc6 5. c3 Nf6 6. Bf4 Bg4 7. Qb3 Qc8 8. Nd2 e6 9. Ngf3 Be7 10. O-O O-O 11. Qc2 Bh5 12. Ne5 Bg6 13. Nxg6 hxg6 14. Nf3 Nh5 15. Be3 f5 16. Qe2 Qc7 17. Bd2 Nd8 18.
Ne5 Rf6 19. Bg5 Nf7 20. Bxf6 Bxf6 21. Nxg6 Nf4 22. Nxf4 Qxf4 23. Qxe6 Rf8 24. Qxf5 Qh6 25. Qxd5 Bd8 26. Rae1 Qf6 27. Re6 Qh4 28. g3 Qh5 1-0

[Event "*** SCC Grand Prix: Titled Tuesday Blitz"]
[Site "Chess.com"]
[Date "2020.10.06"]
[Round "7"]
[White "DeGrootteZ"]
[Black "Rakesh"]
[Result "0-1"]
[WhiteElo "2629"]
[BlackElo "2509"]
[TimeControl "180+1"]
[EndTime "11:17:38 PDT"]
[Termination "Rakesh won by checkmate"]

1. d4 Nf6 2. c4 e5 3. dxe5 Ng4 4. Nf3 Bc5 5. e3 Nc6 6. a3 a5 7. Nc3 O-O 8. b3 Re8 9. Bb2 Ngxe5 10. Nxe5 Nxe5 11.
Be2 Ra6 12. Ne4 Ba7 13. c5 Rh6 14. Rc1 Qh4 15. Ng3 d6 16. b4 axb4 17. axb4 Qxb4+ 18. Qd2 Bxc5 19. Bc3 Qh4 20. h3 b6 21. O-O Bxh3 22. gxh3 Qxh3 23. Rfd1 Qh2+ 24. Kf1 Rf6 25. Bb5 Qxg3 26.
Bd4 Bxd4 27. exd4 Qh3+ 28. Ke2 Ng4+ 29. Bxe8 Rxf2+ 30. Ke1 Qf1# 0-1

[Event "*** SCC Grand Prix: Titled Tuesday Blitz"]
[Site "Chess.com"]
[Date "2020.10.06"]
[Round "7"]
[White "WildTricks"]
[Black "Sueetin"]
[Result "0-1"]
[WhiteElo "2430"]
[BlackElo "2309"]
[TimeControl "180+1"]
[EndTime "11:17:42 PDT"]
[Termination "Sueetin won by resignation"]

1. e4 e6 2. d4 d5 3. Nd2 c5 4. exd5 Qxd5 5. Ngf3 cxd4 6. Bc4 Qd7 7. O-O Nc6 8. Nb3 Nf6 9. Nbxd4 Nxd4 10. Qxd4 Qxd4 11. Nxd4 a6 12. Be2 Bc5 13. Nb3 Ba7 14. a4 Bd7 15. Na5 O-O-O 16. Bf4 Nd5 17. Bg3 Bb6 18.
Nc4 Bc7 19. Bf3 Bc6 20. Bxc7 Kxc7 21. Ne5 Rhf8 22. Nxc6 bxc6 23. a5 Rb8 24. b3 Nc3 25. Rfe1 Rfd8 26. Re3 Nd5 27. Re4 Rb4 28. Rxb4 Nxb4 29.
Rc1 Rd2 30. Be4 f5 31. c3 Na2 0-1

[Event "*** SCC Grand Prix: Titled Tuesday Blitz"]
[Site "Chess.com"]
[Date "2020.10.06"]
[Round "7"]
[White "jefferyx"]
[Black "LiemLe"]
[Result "1/2-1/2"]
[WhiteElo "2917"]
[BlackElo "2996"]
[TimeControl "180+1"]
[EndTime "11:17:43 PDT"]
[Termination "Game drawn by agreement"]

1. d4 Nf6 2. c4 e6 3. Nc3 Bb4 4. Qc2 d5 5. a3 Bxc3+ 6. Qxc3 O-O 7. Nf3 dxc4 8. Qxc4 b6 9. Bg5 Ba6 10. Qa4 Qd7 11.
Qxd7 Nbxd7 12. Bxf6 Nxf6 13. Rc1 Rac8 14. e3 Bb7 15. Bb5 c6 16. Bd3 Rc7 17. Ke2 Rfc8 18.
Rc2 c5 19. Rhc1 Kf8 20. b4 Nd7 21. Bb5 Bc6 22. Ba6 Rb8 23. dxc5 bxc5 24. bxc5 Rb3 25.
Nd4 Rxa3 26. Bb5 Be4 27. c6 1/2-1/2

[Event "*** SCC Grand Prix: Titled Tuesday Blitz"]
[Site "Chess.com"]
[Date "2020.10.06"]
[Round "7"]
[White "Alexandercs432"]
[Black "esskeettit"]
[Result "0-1"]
[WhiteElo "2141"]
[BlackElo "2412"]
[TimeControl "180+1"]
[EndTime "11:17:47 PDT"]
[Termination "esskeettit won by resignation"]

1. e4 c5 2. Nf3 Nc6 3. d4 cxd4 4.
Nxd4 g6 5. Nc3 Bg7 6. Be3 Nf6 7. Bc4 O-O 8. Bb3 Re8 9. O-O d6 10. h3 Na5 11. f4 b6 12. Qd3 Bd7 13. Rad1 Rc8 14.
Rfe1 Nxb3 15. axb3 Qc7 16. Kh1 Nh5 17. Nd5 Qb7 18. c4 e5 19. fxe5 Bxe5 20. Rd2 Be6 21. Nf3 Bg3 22. Rf1 Bxd5 23. Qxd5 Qxd5 24. Rxd5 Rxe4 25.
Bh6 Rce8 26. Rdd1 Re2 27. Ng5 Bf4 28. g4 Ng3+ 29. Kg1 Be3+ 0-1

[Event "*** SCC Grand Prix: Titled Tuesday Blitz"]
[Site "Chess.com"]
[Date "2020.10.06"]
[Round "7"]
[White "zurzan"]
[Black "GMaka"]
[Result "0-1"]
[WhiteElo "1944"]
[BlackElo "2377"]
[TimeControl "180+1"]
[EndTime "11:17:55 PDT"]
[Termination "GMaka won by resignation"]

1. f4 g6 2. Nf3 Bg7 3. g3 d5 4.
Bg2 Nh6 5. O-O O-O 6. d3 c5 7. c3 Nc6 8. Na3 d4 9. e4 dxe3 10. Bxe3 Ng4 11. Bxc5 b6 12. Bf2 Nxf2 13. Rxf2 Bb7 14.
d4 e6 15. Ne5 Nxe5 16. Bxb7 Rb8 17. Bg2 Nd7 18. Nc4 b5 19. Ne5 Nxe5 20. fxe5 Qb6 21.
b4 Rbc8 22. Rc1 Rfd8 23. Qf3 Rc7 24. Kh1 Rxd4 25. Qa8+ Bf8 26. Rcf1 Rdd7 27. Qe8 Kg7 28. h4 h5 29. g4 hxg4 30. h5 gxh5 31. Be4 Qe3 32. Bg2 Qxe5 33. Rf5 Qxf5 34. Rxf5 exf5 35. Qe5+ Kg6 36. Qxb5 Rd1+ 37. Kh2 Bd6+ 0-1

[Event "*** SCC Grand Prix: Titled Tuesday Blitz"]
[Site "Chess.com"]
[Date "2020.10.06"]
[Round "7"]
[White "Fighter008"]
[Black "Anton_Demchenko"]
[Result "0-1"]
[WhiteElo "2623"]
[BlackElo "2825"]
[TimeControl "180+1"]
[EndTime "11:17:58 PDT"]
[Termination "Anton_Demchenko won by resignation"]

1. e4 c6 2. Nc3 d5 3. Nf3 dxe4 4. Nxe4 Nf6 5. Qe2 Nxe4 6. Qxe4 Qa5 7. Bc4 Bf5 8. Qe2 e6 9. O-O Be7 10. d4 Nd7 11. c3 Bg4 12. h3 Bh5 13. Bf4 O-O 14.
Bd3 Rfe8 15. Bxh7+ Kxh7 16. g4 Bg6 17. h4 Kg8 18. h5 Bh7 19. h6 Bf8 20. hxg7 Bxg7 21.
Kg2 e5 22. dxe5 Bxe5 23. Be3 Be4 24. Rh1 Bg7 25. Rh5 Qa6 26. c4 Ne5 27. Rxe5 Rxe5 28. Rh1 Re6 29. Rh2 Rae8 30. Kg3 Qa5 31. Rh5 Qc7+ 32.
Bf4 Qd7 33. Ne5 Rxe5 0-1

[Event "*** SCC Grand Prix: Titled Tuesday Blitz"]
[Site "Chess.com"]
[Date "2020.10.06"]
[Round "7"]
[White "Evachess2006"]
[Black "Shivagami"]
[Result "0-1"]
[WhiteElo "1626"]
[BlackElo "2212"]
[TimeControl "180+1"]
[EndTime "11:18:00 PDT"]
[Termination "Shivagami won on time"]

1. e4 c5 2. c3 d5 3. exd5 Qxd5 4.
d4 g6 5. Nf3 Bg7 6. Bb5+ Bd7 7.
Bxd7+ Nxd7 8. O-O Ngf6 9. Bf4 O-O 10. dxc5 Qxc5 11. Nbd2 Nd5 12. Nb3 Qc4 13. Be3 Nxe3 14. fxe3 Rfd8 15. Qd2 Nc5 16. Qc2 Bh6 17. Rfe1 Nd3 18. Re2 Rd7 19. Rd1 Rad8 20. Nfd4 Ne5 21. a3 Ng4 22. Nd2 Bxe3+ 23. Rxe3 Nxe3 24. Nxc4 Nxc2 25.
Ne5 Rd5 26. Rd2 Nxd4 27. Rxd4 Rxd4 28. cxd4 Rxd4 29. Nf3 Rd1+ 30. Kf2 Rb1 31. b4 Rb3 32. Kg3 Rxa3 33. Kf4 Rb3 0-1

[Event "*** SCC Grand Prix: Titled Tuesday Blitz"]
[Site "Chess.com"]
[Date "2020.10.06"]
[Round "7"]
[White "GregShahade"]
[Black "bocah_sakit"]
[Result "0-1"]
[WhiteElo "2659"]
[BlackElo "2825"]
[TimeControl "180+1"]
[EndTime "11:18:02 PDT"]
[Termination "bocah_sakit won by resignation"]

1. e4 c5 2. Nf3 Nc6 3. d4 cxd4 4. Nxd4 g6 5. c4 Nf6 6. Nc3 d6 7. f3 Nxd4 8. Qxd4 Bg7 9. Be3 O-O 10. Qd2 a5 11.
Na4 Be6 12. Nb6 Rb8 13. Be2 Nd7 14. Nd5 Nc5 15. O-O Bxd5 16. cxd5 Qb6 17. Rab1 Qb4 18. Rfc1 Rfc8 19. Kf1 Ra8 20. b3 Rc7 21. Rc2 Qxd2 22.
Bxd2 Nxb3 23. Rbc1 Nxd2+ 0-1

[Event "*** SCC Grand Prix: Titled Tuesday Blitz"]
[Site "Chess.com"]
[Date "2020.10.06"]
[Round "7"]
[White "Lupul_Cenusiu"]
[Black "Fischerev7"]
[Result "1-0"]
[WhiteElo "2521"]
[BlackElo "2352"]
[TimeControl "180+1"]
[EndTime "11:18:02 PDT"]
[Termination "Lupul_Cenusiu won by resignation"]

1. d4 Nf6 2. Bg5 d5 3. Bxf6 gxf6 4. Nf3 c5 5. e3 Nc6 6. c4 cxd4 7. exd4 dxc4 8. Bxc4 e6 9. Nc3 Rg8 10. O-O Be7 11.
Re1 Kf8 12. a3 b6 13. d5 Na5 14. Ba2 e5 15. Ne4 Bd6 16. Nxd6 Qxd6 17. b4 Nb7 18. Nd2 Bh3 19. g3 Rg6 20. Qh5 Qd7 21. Qxh7 Ke7 22.
Ne4 Bf5 23. Qh5 Bg4 24. Qh4 Nd6 25. Nxd6 Qxd6 26. Rac1 Rc8 27. Rxc8 Bxc8 28. f4 Rg4 29. Qh8 Qc7 30. fxe5 f5 31. d6+ 1-0

[Event "*** SCC Grand Prix: Titled Tuesday Blitz"]
[Site "Chess.com"]
[Date "2020.10.06"]
[Round "7"]
[White "vladislavkovalev"]
[Black "esapunov"]
[Result "1-0"]
[WhiteElo "2876"]
[BlackElo "2654"]
[TimeControl "180+1"]
[EndTime "11:18:07 PDT"]
[Termination "vladislavkovalev won by resignation"]

1. e4 c5 2. Nf3 d6 3. d4 cxd4 4. Nxd4 Nf6 5. Nc3 Nc6 6. Bg5 e6 7. Qd2 a6 8. O-O-O h6 9. Be3 Nxd4 10. Bxd4 b5 11. f3 Qa5 12. Kb1 b4 13. Ne2 e5 14.
Bf2 Be6 15. Nc1 d5 16. exd5 Nxd5 17. Nb3 Qc7 18. Bd3 Be7 19. Rhe1 O-O 20. Bg3 Bf6 21.
Qe2 Nf4 22. Bxf4 exf4 23. Qe4 g6 24. Nd4 Bd7 25. Ne2 Be5 26. Qc4 Qb8 27. Bxg6 Be6 28. Qe4 fxg6 29. Qxg6+ Kh8 30. Qxe6 Rf6 31. Qd5 Ra7 32.
Nd4 1-0

[Event "*** SCC Grand Prix: Titled Tuesday Blitz"]
[Site "Chess.com"]
[Date "2020.10.06"]
[Round "7"]
[White "beto-betun"]
[Black "AsaHoffmann"]
[Result "0-1"]
[WhiteElo "2160"]
[BlackElo "2340"]
[TimeControl "180+1"]
[EndTime "11:18:07 PDT"]
[Termination "AsaHoffmann won on time"]

1. d4 Nf6 2. c4 c5 3. d5 e5 4. Nc3 d6 5. e4 Be7 6. Nge2 Nbd7 7. f3 Nf8 8. g4 Ng6 9. Ng3 Nh4 10.
Be3 g6 11. Qe2 a6 12. O-O-O Bd7 13. Kb1 Qa5 14. Bg5 Ng8 15. Bxe7 Nxe7 16. h3 b5 17. cxb5 axb5 18. Nxb5 Qxa2+ 19. Kc2 Qa4+ 20. Kc1 O-O 21.
Nxd6 Rfb8 22. Qc2 Nxf3 23. Qxa4 Bxa4 24. Bd3 Bxd1 25. Rxd1 Ra1+ 26. Kc2 Rxd1 27. Kxd1 Nd4 28. Kc1 Kf8 29. Ne2 Nxe2+ 30. Bxe2 Nc8 31. Nc4 Ke7 32.
Nxe5 Ra8 33. Nc6+ Kd6 34. Bc4 f6 35. g5 Nb6 36. Bb5 fxg5 0-1

[Event "*** SCC Grand Prix: Titled Tuesday Blitz"]
[Site "Chess.com"]
[Date "2020.10.06"]
[Round "7"]
[White "akanga001"]
[Black "glebus008"]
[Result "1/2-1/2"]
[WhiteElo "1878"]
[BlackElo "2226"]
[TimeControl "180+1"]
[EndTime "11:18:09 PDT"]
[Termination "Game drawn by repetition"]

1. d4 d5 2. c4 e6 3. Nc3 c6 4. e3 Bd6 5. Nf3 f5 6. Qc2 Nf6 7. Be2 Nbd7 8. O-O O-O 9. b3 Ne4 10. a4 Rf6 11. Ba3 Bc7 12. Bb2 Rh6 13. Nxe4 fxe4 14.
Ne5 Nxe5 15. dxe5 Qg5 16. f4 exf3 17. Rxf3 Bxe5 18. Raf1 Bxh2+ 19. Kf2 Bd7 20. Ke1 Qxg2 21. Qc3 Rg6 22. Rf7 Rd8 23. Qb4 Qg3+ 24. Kd1 Qd6 25. Qxb7 Be5 26. Bxe5 Qxe5 27. Rxd7 Qa1+ 28. Kd2 Qb2+ 29. Ke1 Qc1+ 30. Bd1 Qxe3+ 31. Be2 Qc1+ 32. Bd1 Qe3+ 33. Be2 Qc1+ 34. Bd1 Qe3+ 1/2-1/2

[Event "*** SCC Grand Prix: Titled Tuesday Blitz"]
[Site "Chess.com"]
[Date "2020.10.06"]
[Round "7"]
[White "VladimirBugayev"]
[Black "boasovietica"]
[Result "0-1"]
[WhiteElo "2297"]
[BlackElo "2451"]
[TimeControl "180+1"]
[EndTime "11:18:11 PDT"]
[Termination "boasovietica won by resignation"]

1. d4 Nf6 2. Bf4 g6 3. Nc3 Bg7 4. e4 c5 5. dxc5 Qa5 6. Be3 Nxe4 7. Ne2 Nxc3 8. Nxc3 Bxc3+ 9. bxc3 Qxc3+ 10. Bd2 Qxc5 11. Bd3 O-O 12. O-O Nc6 13. Rb1 d5 14. h4 e5 15. Bh6 Re8 16. Rb5 Qd6 17. h5 Nd4 18. hxg6 hxg6 19. Rb1 b6 20. c3 Nf5 21. Bxf5 Bxf5 22.
Kh2 f6 23. Rh1 Kf7 24. Kg1 Rh8 25. Be3 Rxh1+ 26. Kxh1 Bxb1 27. Qc1 Be4 28. f3 Rh8+ 29. Kg1 Bf5 30. Kf2 Qc6 31. Qb2 Rc8 32. Bd2 Be6 33.
Be3 d4 34. cxd4 Qc2+ 35. Qxc2 Rxc2+ 36. Kg3 exd4 37. Bxd4 Rxa2 0-1

[Event "*** SCC Grand Prix: Titled Tuesday Blitz"]
[Site "Chess.com"]
[Date "2020.10.06"]
[Round "7"]
[White "TudorAnton"]
[Black "barriochess"]
[Result "0-1"]
[WhiteElo "2488"]
[BlackElo "2328"]
[TimeControl "180+1"]
[EndTime "11:18:12 PDT"]
[Termination "barriochess won by resignation"]

1. d4 Nf6 2. c4 g6 3. Nc3 d5 4. cxd5 Nxd5 5. Nf3 Bg7 6. Bg5 h6 7. Bh4 O-O 8. e3 c5 9. Be2 Nc6 10. O-O g5 11. Bg3 g4 12. Ne5 Nxe5 13. dxe5 Nxc3 14. bxc3 Qxd1 15. Rfxd1 Be6 16. Rab1 b6 17. a4 Rfd8 18. Kf1 Bf5 19. Rbc1 Rxd1+ 20. Rxd1 Bc2 21. Ra1 h5 22. Ke1 Rd8 23. h4 Rd5 24. Bc4 Rd8 25.
a5 bxa5 26. Rxa5 Bd3 27. Bxd3 Rxd3 28. Rxc5 e6 29. Ke2 Rd7 30. Ra5 Rb7 31. Kd3 Bf8 32. Bf4 Be7 33. Bg5 Bxg5 34. hxg5 Kg7 35. Ke4 Kg6 36. Kf4 Rc7 37. e4 Rxc3 38. Rxa7 Rc2 39. f3 Rxg2 40. Ra8 g3 41. Rg8+ Kh7 42. Rb8 Rg1 43. Rb2 h4 44. Kg4 Rh1 45. f4 Rh2 46. Rb1 g2 47. Rg1 h3 48. Kg3 Rh1 49. Kf2 Kg6 0-1

[Event "*** SCC Grand Prix: Titled Tuesday Blitz"]
[Site "Chess.com"]
[Date "2020.10.06"]
[Round "7"]
[White "Chessdreamer2020"]
[Black "Indianlad"]
[Result "0-1"]
[WhiteElo "2473"]
[BlackElo "2925"]
[TimeControl "180+1"]
[EndTime "11:18:15 PDT"]
[Termination "Indianlad won by resignation"]

1. e4 c6 2. Nc3 d5 3. Nf3 Bg4 4.
h3 Bxf3 5. Qxf3 e6 6. d3 Bc5 7. g3 Ne7 8. Bg2 Nd7 9. O-O d4 10.
Nb1 e5 11. Qe2 Bd6 12. f4 c5 13. Nd2 Nc6 14. Nc4 Bc7 15. a4 a6 16. Qg4 g6 17. f5 Qe7 18. Bg5 f6 19. Bd2 O-O-O 20. Qe2 Rdg8 21. Kh2 g5 22. Bf3 Nb6 23. Nxb6+ Bxb6 24. Bh5 Kb8 25. Rab1 Ka7 26. Qe1 Rc8 27. Rf2 Rhd8 28. b3 Qc7 29. Rc1 Ba5 30. Bxa5 Nxa5 31. Ra1 Nc6 32. Rg2 Rg8 33. Qd1 Ra8 34. Rg1 Kb8 35. Qe2 Kc8 36. Ra2 Kd8 37. Rga1 Ke7 38.
Qd1 Kf8 39. Qe2 Nb4 40. Qd1 Nxa2 41. Rxa2 Kg7 42. Qd2 b5 43. Be2 Kh8 44. Bd1 Qb7 45. Qe2 Rgc8 46. Qh5 c4 47. bxc4 bxc4 48. Qh6 Qg7 49. Qh5 c3 0-1

[Event "*** SCC Grand Prix: Titled Tuesday Blitz"]
[Site "Chess.com"]
[Date "2020.10.06"]
[Round "7"]
[White "szefru"]
[Black "Piotrek1979"]
[Result "0-1"]
[WhiteElo "2200"]
[BlackElo "2479"]
[TimeControl "180+1"]
[EndTime "11:18:16 PDT"]
[Termination "Piotrek1979 won by resignation"]

1. e4 Nc6 2. d4 d5 3. e5 Bf5 4. c3 Qd7 5. Bd3 h5 6. Nf3 h4 7. h3 f6 8. Na3 g5 9. Qc2 Nh6 10. Bxf5 Nxf5 11. O-O O-O-O 12. b4 Bg7 13. b5 Na5 14. Rb1 Rdg8 15. Qa4 b6 16. Rd1 Bf8 17. c4 g4 18. hxg4 Rxg4 19. cxd5 Qxd5 20. Kf1 h3 21.
Ng1 hxg2+ 22. Ke1 Rh1 23. Kd2 Rxd4+ 0-1

[Event "*** SCC Grand Prix: Titled Tuesday Blitz"]
[Site "Chess.com"]
[Date "2020.10.06"]
[Round "7"]
[White "Khnykin_Nikolay"]
[Black "ozates"]
[Result "0-1"]
[WhiteElo "2042"]
[BlackElo "2366"]
[TimeControl "180+1"]
[EndTime "11:18:17 PDT"]
[Termination "ozates won on time"]

1. e4 c5 2. d4 cxd4 3. c3 d3 4.
Bxd3 g6 5. c4 Bg7 6. Nc3 Nc6 7.
Nf3 d6 8. O-O Nf6 9. Bf4 O-O 10. a3 Ng4 11. h3 Nge5 12. Nxe5 dxe5 13. Be3 Nd4 14. Bxd4 exd4 15. Nd5 e6 16. Nb4 a5 17. Nc2 b6 18. f4 f5 19. Qf3 Bb7 20. Rfe1 g5 21.
Qh5 gxf4 22. exf5 e5 23. f6 Rxf6 24. Bxh7+ Kh8 25. Bg6+ Kg8 26. Rxe5 d3 27. Re8+ Qxe8 28. Bxe8 dxc2 29. Bg6 f3 30. gxf3 Bxf3 31. Qg5 Rd8 32. Bxc2 Rd2 33. Bb3 Rxb2 0-1

[Event "*** SCC Grand Prix: Titled Tuesday Blitz"]
[Site "Chess.com"]
[Date "2020.10.06"]
[Round "7"]
[White "FloMasterAAK"]
[Black "googlegoom"]
[Result "1-0"]
[WhiteElo "2557"]
[BlackElo "2415"]
[TimeControl "180+1"]
[EndTime "11:18:19 PDT"]
[Termination "FloMasterAAK won on time"]

1. e4 c5 2. Nf3 Nc6 3. Be2 e6 4. O-O d5 5. exd5 Qxd5 6. d4 Nf6 7. Nc3 Qd8 8. Bb5 Bd7 9. d5 exd5 10. Bg5 Be7 11.
Re1 O-O 12. Nxd5 Nxd5 13. Qxd5 Bxg5 14. Nxg5 h6 15. Ne4 Nb4 16. Qxc5 Bxb5 17. Qxb4 Bc6 18. Nd6 Qg5 19. Ne4 Qf4 20. Re3 Rad8 21. Rae1 Qc7 22.
Qc3 f5 23. Nc5 Bd5 24. Re7 1-0

[Event "*** SCC Grand Prix: Titled Tuesday Blitz"]
[Site "Chess.com"]
[Date "2020.10.06"]
[Round "7"]
[White "Duhless"]
[Black "abhidabhi"]
[Result "1-0"]
[WhiteElo "2963"]
[BlackElo "2779"]
[TimeControl "180+1"]
[EndTime "11:18:20 PDT"]
[Termination "Duhless won by resignation"]

1. d4 Nf6 2. Nf3 d6 3. g3 g6 4.
b3 Bg7 5. Bb2 O-O 6. Bg2 c5 7.
c4 Qa5+ 8. Bc3 Qc7 9. Nbd2 Bf5 10. O-O Ne4 11. Nxe4 Bxe4 12. Rc1 Nd7 13. Re1 Rac8 14. Bh3 Bxf3 15. exf3 e6 16. f4 cxd4 17. Bxd4 Bxd4 18. Qxd4 Rfd8 19. Rxe6 fxe6 20. Bxe6+ Kf8 21. Re1 Ne5 22.
fxe5 dxe5 23. Qh4 Kg7 24. Bxc8 Rxc8 25. Qe4 Re8 26. Qd5 Re7 27. Kg2 b6 28. h4 Qb8 29.
b4 Qc7 30. c5 bxc5 31. bxc5 Kf6 32. c6 Re6 33. Rc1 Ke7 34. Qe4 Kf6 35. Rc3 Kg7 36.
a4 a5 37. Rc2 Kf6 38. Qd5 e4 39. Qd4+ Kf7 40. Qh8 1-0

[Event "*** SCC Grand Prix: Titled Tuesday Blitz"]
[Site "Chess.com"]
[Date "2020.10.06"]
[Round "7"]
[White "Savagelittlemole"]
[Black "nrvisakh"]
[Result "0-1"]
[WhiteElo "2591"]
[BlackElo "2776"]
[TimeControl "180+1"]
[EndTime "11:18:21 PDT"]
[Termination "nrvisakh won by resignation"]

1. e4 c5 2. Ne2 Nc6 3. d4 cxd4 4. Nxd4 Nf6 5. Nc3 e5 6. Ndb5 d6 7.
Bg5 a6 8. Na3 b5 9. Nd5 Be7 10.
Bxf6 Bxf6 11. c4 b4 12. Nc2 a5 13. g3 O-O 14. Bg2 g6 15. O-O Bg7 16. b3 Rb8 17. Qd3 f5 18. exf5 gxf5 19. Rad1 e4 20. Qd2 Ne5 21. Nf4 Bh6 22. Qd5+ Kh8 23. Qxd6 Qxd6 24.
Rxd6 Bxf4 25. gxf4 Nd3 26. Ne3 Nxf4 27. Kh1 Rg8 28. f3 Nxg2 29. Nxg2 Bb7 30. Ne3 exf3 31. Nd5 Rbe8 32. Rd7 f2 33. Rxb7 Re1 34. Rxh7+ Kxh7 35. Nf6+ Kh8 36. Nxg8 Rxf1+ 37. Kg2 Ra1 38. Kxf2 Kxg8 0-1

[Event "*** SCC Grand Prix: Titled Tuesday Blitz"]
[Site "Chess.com"]
[Date "2020.10.06"]
[Round "7"]
[White "Gurvich_Vitaly"]
[Black "zajka-molotok"]
[Result "1-0"]
[WhiteElo "2632"]
[BlackElo "2468"]
[TimeControl "180+1"]
[EndTime "11:18:21 PDT"]
[Termination "Gurvich_Vitaly won by resignation"]

1. c4 Nf6 2. Nc3 e6 3. Nf3 b6 4.
g3 c6 5. Bg2 d5 6. cxd5 cxd5 7.
O-O Be7 8. d3 O-O 9. e4 Bb7 10.
e5 Nfd7 11. d4 Nc6 12. h4 a5 13. Re1 Ba6 14. h5 h6 15. Nh2 Re8 16. Ng4 Bf8 17. Bf4 b5 18. Qd2 Nb6 19. Bxh6 b4 20. Nd1 Nc4 21. Qf4 gxh6 22. Nf6+ Kh8 23. Bxd5 exd5 24.
Qf5 Qxf6 25. Qxf6+ Bg7 26. Qxc6 Red8 27. b3 Nd2 28. Kg2 Bd3 29. Qc1 Be4+ 30. Rxe4 Nxe4 31. Qf4 Rac8 32. Ne3 Rc6 33. Nxd5 Nxf2 34. Kxf2 Rxd5 35.
Qe4 1-0

[Event "*** SCC Grand Prix: Titled Tuesday Blitz"]
[Site "Chess.com"]
[Date "2020.10.06"]
[Round "7"]
[White "shnitez"]
[Black "DishonorOnYourCow"]
[Result "1-0"]
[WhiteElo "2550"]
[BlackElo "2407"]
[TimeControl "180+1"]
[EndTime "11:18:24 PDT"]
[Termination "shnitez won on time"]

1. c4 e5 2. Nc3 Nc6 3. Nf3 Nf6 4. e3 Bb4 5. Nd5 Bc5 6. d4 exd4 7. exd4 Bb6 8.
Qe2+ Kf8 9. Bg5 Ba5+ 10. Kd1 h6 11. Bh4 g5 12. Nxg5 hxg5 13. Bxg5 Nxd4 14. Qd3 Ne6 15. Bxf6 Qe8 16. Bxh8 Nc5 17. Qe3 Qxe3 18. Nxe3 c6 19. Kc2 d5 20. cxd5 cxd5 21. Bc3 Bb6 22. Rd1 Be6 23. Be2 1-0

[Event "*** SCC Grand Prix: Titled Tuesday Blitz"]
[Site "Chess.com"]
[Date "2020.10.06"]
[Round "7"]
[White "FairChess_on_YouTube"]
[Black "Bulldog167"]
[Result "1-0"]
[WhiteElo "2970"]
[BlackElo "2779"]
[TimeControl "180+1"]
[EndTime "11:18:28 PDT"]
[Termination "FairChess_on_YouTube won by resignation"]

1. e4 e6 2. d4 d5 3. e5 c5 4. c3 Nc6 5. Nf3 Bd7 6. Bd3 Rc8 7. a3 cxd4 8. cxd4 Qb6 9. O-O Nge7 10.
Nc3 Na5 11. Bc2 Nc4 12. Na4 Qd8 13. Nc5 Nc6 14. Nxd7 Qxd7 15. b3 Nb6 16. Be3 Be7 17.
Bd3 a6 18. h4 Na7 19. Ng5 Bxg5 20. Bxg5 Nb5 21. Be3 Qe7 22. Qg4 g6 23. Bg5 h5 24.
Bxb5+ axb5 25. Qf4 Qd7 26. Qf6 Rg8 27. Rfc1 Rc6 28.
Rxc6 bxc6 29. a4 Nc8 30. axb5 Qe7 31. Qxe7+ Nxe7 32. Ra8+ 1-0

[Event "*** SCC Grand Prix: Titled Tuesday Blitz"]
[Site "Chess.com"]
[Date "2020.10.06"]
[Round "7"]
[White "ZverevLev"]
[Black "ehrenfeld"]
[Result "0-1"]
[WhiteElo "2341"]
[BlackElo "2515"]
[TimeControl "180+1"]
[EndTime "11:18:28 PDT"]
[Termination "ehrenfeld won by checkmate"]

1. e4 e5 2. Nf3 Nc6 3. Bc4 Nf6 4. d3 h6 5. c3 d6 6. Bb3 g5 7. O-O Bg7 8. Nbd2 O-O 9. h3 Ne7 10. Re1 Ng6 11. Nf1 Be6 12. Ng3 Qd7 13. Bxe6 fxe6 14. d4 exd4 15. cxd4 g4 16. hxg4 Nxg4 17. Nh5 Kh8 18.
Nh4 Qf7 19. Nxg6+ Qxg6 20. Nf4 Qg5 21. g3 Nxf2 22. Kxf2 e5 23. Rh1 exf4 24. Bxf4 Rxf4+ 25. gxf4 Qxf4+ 26. Qf3 Qd2+ 27. Kg3 Rf8 28. Qb3 Qf2+ 29. Kg4 Rf4+ 30. Kh5 Qe2+ 31. Kg6 Qg4# 0-1

[Event "*** SCC Grand Prix: Titled Tuesday Blitz"]
[Site "Chess.com"]
[Date "2020.10.06"]
[Round "7"]
[White "anon569"]
[Black "pfalcon1949"]
[Result "1-0"]
[WhiteElo "2245"]
[BlackElo "2016"]
[TimeControl "180+1"]
[EndTime "11:18:29 PDT"]
[Termination "anon569 won on time"]

1. e4 c6 2. d4 d5 3. Nd2 dxe4 4.
Nxe4 Nf6 5. Nxf6+ exf6 6. Be3 Bd6 7. Qd2 O-O 8. Bd3 Re8 9. O-O-O Nd7 10. c4 Nf8 11.
Ne2 Be6 12. Kb1 Rb8 13. d5 cxd5 14. cxd5 Bd7 15. Nd4 a5 16. Nb5 Bb4 17. Qc2 Rc8 18. Qb3 Bg4 19. Rc1 Qd7 20. a3 Bd6 21. Nd4 Rb8 22. Bb5 Qe7 23. Bxe8 Qxe8 24. Nb5 Bf5+ 25. Ka1 Be5 26. f4 Bxb2+ 27. Kxb2 1-0

[Event "*** SCC Grand Prix: Titled Tuesday Blitz"]
[Site "Chess.com"]
[Date "2020.10.06"]
[Round "7"]
[White "SHIVACalypso"]
[Black "Blagorod"]
[Result "1/2-1/2"]
[WhiteElo "2347"]
[BlackElo "2186"]
[TimeControl "180+1"]
[EndTime "11:18:30 PDT"]
[Termination "Game drawn by repetition"]

1. Nf3 Nc6 2. c4 e5 3. Nc3 d6 4. d3 Be6 5. g3 Be7 6. Bg2 Qd7 7. O-O Bh3 8. Rb1 h5 9. Nd5 Bxg2 10. Kxg2 h4 11.
Qa4 hxg3 12. fxg3 O-O-O 13. Be3 Kb8 14. b4 g5 15. b5 Nd4 16. Bxd4 exd4 17. Rb3 Qh3+ 18.
Kf2 g4 19. Ra3 gxf3 20. Qxa7+ Kc8 21. exf3 Qxh2+ 22. Ke1 Qc2 23. Qa8+ Kd7 24. Qxb7 Qc1+ 25. Kf2 Qc2+ 26. Ke1 Qc1+ 27. Kf2 Qc2+ 28. Ke1 1/2-1/2

[Event "*** SCC Grand Prix: Titled Tuesday Blitz"]
[Site "Chess.com"]
[Date "2020.10.06"]
[Round "7"]
[White "TigrVShlyape"]
[Black "NewBornNow"]
[Result "1-0"]
[WhiteElo "2824"]
[BlackElo "2650"]
[TimeControl "180+1"]
[EndTime "11:18:31 PDT"]
[Termination "TigrVShlyape won by checkmate"]

1. d4 d6 2. Nf3 Nf6 3. c3 g6 4. Bg5 Bg7 5. Nbd2 Nbd7 6. e4 e5 7. Bd3 O-O 8. O-O c6 9. Re1 Qc7 10. a4 a5 11. Qc2 Re8 12. Rad1 Nf8 13. h3 Nh5 14. Bf1 Nf4 15. dxe5 dxe5 16. Nc4 N8e6 17. Bh4 Nc5 18. Nd6 Rf8 19. Nxc8 Rfxc8 20. Bc4 h6 21. Rd2 g5 22. Bg3 Rd8 23. Red1 Rxd2 24. Rxd2 Rd8 25. b3 Rxd2 26. Nxd2 Qd7 27. Nf1 b5 28. axb5 cxb5 29. Bd5 Nxd5 30. exd5 Qxd5 31. b4 axb4 32. cxb4 Nd3 33. Ne3 Qe4 34. Qc8+ Kh7 35. Qd7 Kg6 36. h4 gxh4 37. Bxh4 Qd4 38. Qf5# 1-0